 Dungeon Crawl Stone Soup version 0.30-a0-1161-g0704695555 (webtiles) character file.

Game seed: 15316955058113254543

62 Arzdou the Trooper (level 4, 0/40 HPs)
             Began as a Hill Orc Fighter on Apr 27, 2023.
             Slain by a gnoll
             ... wielding a +0 spear
              (8 damage)
             ... on level 2 of the Dungeon.
             The game lasted 00:01:36 (995 turns).

Arzdou the Trooper (Hill Orc Fighter)                Turns: 995, Time: 00:01:37

Health: 0/40       AC:  7    Str: 20    XL:     4   Next: 8%
Magic:  4/4        EV:  9    Int:  8    God:
Gold:   30         SH:  4    Dex: 10    Spells: 3/3 levels left

rFire   . . .        a - +0 war axe
rCold   . . .        c - +0 buckler
rNeg    . . .        b - +0 scale mail
rPois   +            (no helmet)
rElec   .            (no cloak)
rCorr   .            (no gloves)
SInv    .            (no boots)
Will    .....        (no amulet) Stlth
                     o - ring of poison resistance
HPRegen 0.26/turn    (no ring)
MPRegen 0.09/turn

%: no passive effects
@: mighty
A: no striking features
a: no special abilities


You were on level 2 of the Dungeon.
You visited 1 branch of the dungeon, and saw 2 of its levels.

You collected 30 gold pieces.

Inventory:

Hand Weapons
 a - a +0 war axe (weapon)
Missiles
 n - a throwing net (quivered)
Armour
 b - a +0 scale mail (worn)
 c - a +0 buckler (worn)
Jewellery
 o - a ring of poison resistance (left hand)
Scrolls
 e - a scroll of brand weapon {unknown}
 f - 3 scrolls of identify {unknown}
 g - a scroll of blinking {unknown}
 j - a scroll of poison {unknown}
 k - a scroll of immolation {unknown}
 m - a scroll of enchant weapon {unknown}
Potions
 h - a potion of resistance {unknown}
 i - a potion of flight {unknown}
 l - a potion of cancellation {unknown}


   Skills:
 + Level 4.3 Fighting
 + Level 3.5 Axes
 + Level 4.1 Armour
 + Level 3.7 Shields


You had 3 spell levels left.
You didn't know any spells.
Your spell library was empty.

Dungeon Overview and Level Annotations

Branches:
Dungeon (2/15)

Altars:


Message History

A gnoll is nearby!
A gnoll and a kobold come into view.
The kobold shouts!
You hear a shout!
You hear an angry hiss.
A gnoll comes into view. It is wielding a +0 halberd.
An adder comes into view.
A giant cockroach comes into view.
There is a stone staircase leading up here.
The kobold throws a stone.
The stone hits you but does no damage.
You see here a ball python corpse.
You hit the gnoll.
The gnoll is heavily wounded.
The gnoll barely misses you.
You barely miss the gnoll.
The gnoll is heavily wounded.
You hit the gnoll. The gnoll hits you with a +0 flail.
You block the gnoll's attack. The gnoll hits you with a +0 flail.
You block the gnoll's attack. The gnoll hits you with a +0 whip.
You slash the gnoll!
You kill the gnoll!
You slash the gnoll!
You kill the gnoll!
You hit the kobold. The kobold hits you with a +0 dagger.
The gnoll hits you but does no damage.
You have reached level 4!
Sorry, you're not good enough to have a special ability.
You feel very mighty all of a sudden. The kobold hits you but does no damage.
The gnoll hits you from afar with a +0 halberd.
The gnoll hits you from afar with a +0 spear.
The kobold hits you but does no damage. The gnoll hits you with a +0 spear.
The gnoll barely misses you.
There is a stone staircase leading up here.
You see here a +0 flail.
You hit the gnoll.
The gnoll is heavily wounded.
You closely miss the kobold. You hit the gnoll. You block the kobold's attack.
The gnoll hits you with a +0 halberd!
* * * LOW HITPOINT WARNING * * *
The gnoll hits you with a +0 spear!
You die...

## #.. #. ################.#
#.########......... ....#.###
........##'#...... .......##+
#.#.............#######.#.#.#..
#.#...........).##....#...#.#..
###.#..........g@†##........#....
..#.#.......†..gK.##..#..†.......
#.#.#.............'.#....†.####..
#.#.#.............#.#.#.......#..
..K.....#+#.....###.#...#####.#..
....#.### #..(..# ......# #..
..g.#.# #.....# #.#...# #..
g...#.# .......+ #.#...# #..
.##...# ...)...# #.#[..# #..


You could see 2 gnolls and a kobold.

Vanquished Creatures
  2 gnolls (D:2)
  3 endoplasms
  2 giant cockroaches
  3 goblins (D:1)
  A hobgoblin (D:2)
  10 jackals
  2 quokkas (D:1)
  3 ball pythons
  A bat (D:2)
  2 frilled lizards (D:1)
  4 kobolds
  5 rats
38 creatures vanquished.

Notes
Turn   | Place    | Note
-------+----------+-------------------------------------------
     0 | D:1      | Arzdou the Hill Orc Fighter began the quest for the Orb.
     0 | D:1      | Reached XP level 1. HP: 19/19 MP: 1/1
    56 | D:1      | Reached XP level 2. HP: 9/27 MP: 2/2
   407 | D:1      | Reached XP level 3. HP: 33/33 MP: 3/3
   993 | D:2      | Reached XP level 4. HP: 26/40 MP: 4/4
   995 | D:2      | Slain by a gnoll

Illustrated notes

Levels and vault maps discovered:
D:1:      minmay_arrival_four_loops, layout_basic, minmay_tetromino_l4
D:2:      layout_basic, grunt_decor_clamped,
          hangedman_abyss_or_decor_lesser_grid

Skill      XL: |  1  2  3 |
---------------+----------+-----
Fighting       | 4 |  4.3
Axes           | 3 |  3.5
Armour         | 4 |  4.1
Shields        | |  3.7

Action                     |  1- 3 |  4- 6 || total
---------------------------+-------+-------++-------
  Melee: War axe           |    73 |     1 ||    74
    Use: Potion            |       |     1 ||     1
 Armour: Scale mail        |    31 |     2 ||    33
  Dodge: Dodged            |    33 |     1 ||    34
  Block: Buckler           |    19 |     1 ||    20

Table legend: (Time is in decaauts)
 A = Elapsed time spent in this place.
 B = Non-inter-level travel time spent in this place.
 C = Inter-level travel time spent in this place.
 D = Time resting spent in this place.
 E = Time spent auto-exploring this place.
 F = Levels seen in this place.
 G = Mean time per level.
                   A        B        C        D        E       F      G
               +--------+--------+--------+--------+--------+-----+--------+
         Total |   1021 |   1007 |     14 |      0 |    784 |   2 |  510.5 |
       Dungeon |   1021 |   1007 |     14 |      0 |    784 |   2 |  510.5 |
               +--------+--------+--------+--------+--------+-----+--------+

Top non-repeatable levels by time:
     D:1: 814 daAuts
     D:2: 207 daAuts
